AoeStats
← JAEC

Arena

509948097Analyzed
4v4 RM · 5d ago on Sep 28, 2026· 60m 3s· 8 players
Game mode
Random Map
Map size
Large (8 player)
Population
200
Speed
Normal
Resources
Standard
Victory
Conquest
Starting age
Dark Age
Ending age
Imperial Age
RankedLock teamsTeams togetherTeam positionsShared explorationLock speedFull tech treeHidden civsTurbo modeCheats
Victory
Defeat
🇵🇱 Persians · Poland
961
+14
🇪🇸 Goths · Spain
907
+16
🇬🇧 Tatars · United Kingdom
902
+16
🇨🇿 Cumans · Czechia
879
+17
🇨🇳 Turks · China
987
-18
🇨🇦 Varangians · Canada
929
-17
🇻🇪 Khmer · Venezuela
893
-15
🇻🇪 Mongols · Venezuela
845
-13
John
11:09 Feudal Age
11:56 Double-Bit Axe
11:57 Horse Collar
19:52 Castle Age
21:22 Wheelbarrow
21:08 Forging
22:15 Bloodlines
22:11 Husbandry
23:00 Loom
26:26 Gold Mining
27:32 Hand Cart
28:46 Scale Barding Armor
30:11 Bow Saw
31:10 Iron Casting
30:55 Chain Barding Armor
31:09 Murder Holes
31:16 Gambesons
31:31 Squires
35:12 Imperial Age
33:35 Scale Mail Armor
34:26 Heavy Plow
33:59 Pikeman
35:30 Vendel Legacy
36:38 Chain Mail Armor
37:29 Conscription
39:50 Blast Furnace
39:26 Plate Barding Armor
39:22 Plate Mail Armor
40:18 Plate Mail Armor
40:03 Cavalier
41:18 Caravan
42:35 Elite Varangian Guard
42:46 Light Cavalry
43:56 Fletching
44:02 Hussar
46:41 Halberdier
47:20 Bodkin Arrow
47:06 Cranequins
48:42 Arson
48:37 Elite Skirmisher
50:28 Heavy Scorpion
57:01 Padded Archer Armor
DEEP DARK FANTASY
2:57 Loom
12:33 Feudal Age
17:23 Castle Age
15:38 Horse Collar
18:10 Heavy Plow
23:34 Loom
24:30 Wheelbarrow
24:20 Double-Bit Axe
27:03 Hand Cart
31:55 Imperial Age
29:29 Gold Mining
29:52 Stone Mining
30:15 Forging
30:10 Scale Barding Armor
30:15 Forging
30:28 Bloodlines
30:18 Husbandry
30:52 Bow Saw
32:54 Iron Casting
32:24 Scale Barding Armor
32:54 Iron Casting
33:23 Gold Shaft Mining
33:54 Two-Man Saw
34:29 Conscription
35:04 Chain Barding Armor
37:34 Artillery
38:22 Plate Barding Armor
39:01 Ballistics
38:37 Heavy Camel Rider
41:00 Blast Furnace
40:29 Fervor
40:26 Treadmill Crane
44:10 Elite Janissary
45:17 Scale Mail Armor
45:18 Padded Archer Armor
47:21 Chain Mail Armor
47:21 Leather Archer Armor
JAEC
12:37 Feudal Age
13:33 Double-Bit Axe
14:23 Wheelbarrow
19:53 Castle Age
17:54 Loom
20:43 Gold Mining
20:44 Stone Mining
22:19 Hand Cart
21:55 Horse Collar
25:44 Bow Saw
26:14 Heavy Plow
26:29 Town Watch
31:12 Imperial Age
29:17 Town Patrol
29:02 Pikeman
29:33 Arson
31:02 Gold Shaft Mining
31:29 Masonry
32:42 Architecture
32:19 Halberdier
33:31 Ballistics
36:32 Forging
36:22 Scale Mail Armor
36:32 Forging
36:22 Scale Mail Armor
36:12 Fletching
36:22 Padded Archer Armor
36:12 Fletching
36:23 Padded Archer Armor
37:27 Chemistry
36:37 Fortified Wall
37:20 Elite Ballista Elephant
38:21 Conscription
37:21 Elite Ballista Elephant
38:21 Conscription
38:44 Crop Rotation
39:35 Iron Casting
39:15 Chain Mail Armor
41:15 Elite Battle Elephant
51:17 Husbandry
53:15 Elite Skirmisher
56:24 Light Cavalry
57:45 Hussar
59:19 Bloodlines
rtxron99ti
12:59 Feudal Age
18:28 Castle Age
16:34 Gold Mining
18:24 Horse Collar
18:36 Stone Mining
18:34 Double-Bit Axe
19:27 Wheelbarrow
22:14 Fortified Wall
25:44 Bow Saw
26:33 Gold Shaft Mining
26:08 Heavy Plow
27:55 Hand Cart
29:06 Stone Shaft Mining
30:05 Caravan
31:52 Padded Archer Armor
31:42 Fletching
32:02 Forging
31:58 Scale Barding Armor
31:58 Murder Holes
32:24 Ballistics
33:54 Bodkin Arrow
34:14 Leather Archer Armor
34:35 Iron Casting
37:53 Imperial Age
35:29 Loom
38:09 Chain Barding Armor
37:59 Thumb Ring
38:36 Bloodlines
38:29 Husbandry
38:31 Elite Mangudai
39:35 Drill
38:52 Light Cavalry
41:04 Chemistry
40:07 Bracer
40:02 Capped Ram
41:32 Parthian Tactics
41:56 Siege Ram
43:18 Hussar
44:19 Onager
Doofus
10:21 Feudal Age
11:01 Horse Collar
11:10 Double-Bit Axe
16:53 Castle Age
17:57 Bow Saw
17:51 Heavy Plow
18:31 Wheelbarrow
18:15 Town Watch
22:09 Stone Mining
22:24 Gold Mining
23:21 Loom
23:51 Hand Cart
24:54 Fletching
29:42 Imperial Age
28:38 Bodkin Arrow
29:22 Gold Shaft Mining
29:25 Ballistics
29:40 Husbandry
29:50 Bloodlines
29:56 Padded Archer Armor
31:40 Chemistry
31:16 Crop Rotation
31:22 Conscription
31:15 Silk Armor
32:18 Bracer
32:33 Leather Archer Armor
33:14 Timurid Siegecraft
34:21 Heavy Cavalry Archer
37:43 Town Patrol
39:01 Siege Engineers
38:51 Murder Holes
39:07 Masonry
39:49 Ring Archer Armor
39:30 Forging
39:03 Treadmill Crane
39:34 Fortified Wall
39:44 Bombard Tower
41:12 Scale Barding Armor
42:10 Elite Keshik
44:39 Iron Casting
44:24 Chain Barding Armor
49:18 Coinage
48:49 Caravan
52:09 Banking
51:50 Guilds
52:49 Blast Furnace
52:25 Plate Barding Armor
54:03 Squires
53:23 Pikeman
54:44 Scale Mail Armor
54:46 Halberdier
56:42 Halberdier
58:43 Light Cavalry
InGlory
11:16 Feudal Age
14:57 Castle Age
14:40 Town Watch
17:38 Wheelbarrow
25:04 Horse Collar
25:15 Double-Bit Axe
30:03 Imperial Age
28:10 Bow Saw
28:03 Heavy Plow
28:04 Loom
28:23 Gold Mining
28:59 Scale Barding Armor
29:04 Forging
30:17 Chain Barding Armor
30:02 Husbandry
30:11 Cavalier
31:30 Iron Casting
31:44 Crop Rotation
30:40 Capped Ram
32:36 Hand Cart
32:21 Town Patrol
32:51 Savar
34:30 Plate Barding Armor
36:22 Blast Furnace
35:49 Heavy Scorpion
37:50 Gold Shaft Mining
37:05 Stone Mining
39:57 Chemistry
39:22 Heavy Camel Rider
40:40 Ballistics
47:39 Pikeman
48:19 Squires
49:33 Scale Mail Armor
49:43 Halberdier
50:41 Chain Mail Armor
50:54 Conscription
50:25 Light Cavalry
51:15 Bloodlines
MarkusVinicius
3:16 Loom
12:11 Feudal Age
16:39 Castle Age
16:35 Stone Mining
16:37 Double-Bit Axe
16:38 Horse Collar
22:29 Heavy Plow
23:42 Bow Saw
24:48 Wheelbarrow
26:34 Gold Mining
27:23 Fervor
27:51 Hand Cart
30:26 Imperial Age
29:11 Town Watch
30:51 Scale Barding Armor
30:56 Forging
30:37 Fletching
33:00 Gold Shaft Mining
32:32 Cuman Mercenaries
32:36 Steppe Husbandry
32:57 Conscription
33:32 Crop Rotation
34:23 Two-Man Saw
34:27 Bloodlines
33:39 Elite Steppe Lancer
33:41 Light Cavalry
35:32 Elite Kipchak
39:17 Thumb Ring
39:15 Bodkin Arrow
39:47 Chain Barding Armor
39:30 Padded Archer Armor
39:51 Chain Barding Armor
39:35 Scale Mail Armor
40:12 Iron Casting
41:42 Chemistry
41:03 Ballistics
40:55 Masonry
40:40 Murder Holes
41:08 Leather Archer Armor
40:25 Hussar
41:52 Hoardings
40:48 Elite Skirmisher
41:24 Pikeman
42:05 Squires
42:07 Halberdier
44:02 Blast Furnace
43:30 Chain Mail Armor
43:47 Ring Archer Armor
46:45 Plate Barding Armor
46:50 Plate Mail Armor
54:20 Arson
MAXIMO
5:27 Loom
10:57 Feudal Age
15:30 Castle Age
13:47 Double-Bit Axe
14:13 Horse Collar
16:57 Wheelbarrow
16:30 Heavy Plow
23:32 Bow Saw
23:18 Gold Mining
25:45 Hand Cart
25:46 Stone Mining
25:46 Town Watch
27:46 Stone Shaft Mining
30:39 Murder Holes
30:51 Town Patrol
30:57 Squires
30:19 Pikeman
31:13 Forging
31:06 Scale Mail Armor
33:49 Imperial Age
32:47 Iron Casting
32:03 Fletching
33:04 Ballistics
33:18 Chain Mail Armor
33:37 Anarchy
35:37 Blast Furnace
35:00 Conscription
34:03 Halberdier
35:16 Crop Rotation
35:57 Two-Man Saw
35:22 Perfusion
35:30 Sappers
37:07 Chemistry
36:22 Bodkin Arrow
36:51 Elite Huskarl
37:54 Scale Barding Armor
40:19 Chain Barding Armor
40:00 Bracer
40:27 Padded Archer Armor
40:30 Heated Shot
40:54 Fervor
44:27 Leather Archer Armor
49:33 Caravan
50:04 Coinage
49:44 Guilds
59:33 Ring Archer Armor
Connection lost

Rejoining the realm…

Still unreachable

The connection could not be restored.

Session expired

The server has moved on; the page needs a fresh start.